AoeStats
← 西格玛啊基

Black Forest

508684722Analyzed
4v4 RM · 9d ago on Sep 23, 2026· 42m 41s· 8 players
Game mode
Random Map
Map size
Large (8 player)
Population
200
Speed
Normal
Resources
Standard
Victory
Conquest
Starting age
Dark Age
Ending age
Imperial Age
RankedLock teamsTeams togetherTeam positionsShared explorationLock speedFull tech treeHidden civsTurbo modeCheats
Victory
Defeat
🇮🇳 Danes · India
1211
+15
🇦🇪 Lithuanians · United Arab Emirates
1185
+16
🇨🇳 Khmer · China
1175
+17
🇹🇼 Mongols · Taiwan
1112
+19
🇳🇴 Shu · Norway
1222
-18
🇳🇱 Shu · Netherlands
1219
-18
🇺🇸 Varangians · United States
1200
-17
🇹🇷 Slavs · Türkiye
1130
-14
IdliDosa
11:19 Feudal Age
12:04 Double-Bit Axe
12:01 Horse Collar
19:42 Castle Age
20:45 Loom
21:38 Wheelbarrow
21:18 Bow Saw
21:28 Forging
21:18 Scale Mail Armor
29:04 Chain Mail Armor
29:11 Fletching
30:14 Bodkin Arrow
30:38 Fishing Lines
32:50 Iron Casting
32:18 Squires
32:04 Arson
37:52 Imperial Age
35:08 Town Watch
36:16 Gold Mining
36:17 Stone Mining
37:26 Ballistics
37:17 Masonry
37:10 Padded Archer Armor
37:44 Thumb Ring
38:36 Leather Archer Armor
39:07 Conscription
40:12 Bracer
40:43 Ring Archer Armor
41:24 Cranequins
42:26 Heavy Mounted Crossbowman
KISSSHOT
11:11 Feudal Age
14:15 Castle Age
12:18 Double-Bit Axe
12:35 Horse Collar
15:22 Wheelbarrow
16:44 Bow Saw
21:31 Heavy Plow
21:25 Gold Mining
27:58 Imperial Age
25:44 Hand Cart
25:17 Town Watch
25:17 Loom
26:31 Stone Mining
27:16 Gold Shaft Mining
27:25 Gold Shaft Mining
28:03 Heavy Scorpion
29:05 Conscription
29:52 Chemistry
28:16 Capped Ram
29:49 Siege Engineers
30:27 Crop Rotation
30:41 Double Crossbow
31:38 Ballistics
31:28 Masonry
31:15 Murder Holes
31:41 Conscription
31:51 Siege Ram
32:59 Town Patrol
33:56 Caravan
34:14 Onager
CilleR
0:28 Loom
11:38 Feudal Age
16:04 Castle Age
14:25 Double-Bit Axe
14:22 Horse Collar
17:15 Fervor
21:16 Fishing Lines
22:35 Gillnets
27:28 Wheelbarrow
29:45 Bow Saw
30:26 Scale Barding Armor
30:32 Forging
32:28 Chain Barding Armor
32:43 Iron Casting
34:41 Imperial Age
32:44 Stone Mining
32:44 Gold Mining
33:44 Hand Cart
34:27 Stone Shaft Mining
34:20 Bloodlines
34:17 Husbandry
34:37 Caravan
35:57 Plate Barding Armor
34:44 Elite Leitis
35:44 Conscription
36:39 Heavy Plow
38:02 Two-Man Saw
42:14 Town Watch
Kissmypipila
10:04 Loom
11:53 Feudal Age
17:23 Castle Age
15:46 Fishing Lines
18:34 Double-Bit Axe
22:17 Bow Saw
24:28 Wheelbarrow
23:48 Gold Mining
23:48 Stone Mining
24:07 Gillnets
30:00 Gold Shaft Mining
30:01 Stone Shaft Mining
29:43 Hand Cart
29:14 Town Watch
32:33 Imperial Age
30:57 Masonry
31:08 Ballistics
31:04 Fletching
31:15 Padded Archer Armor
31:17 Caravan
32:33 Town Patrol
32:33 Bodkin Arrow
32:53 Leather Archer Armor
33:13 Loom
33:56 Bracer
34:45 Onager
36:32 Chemistry
36:38 Conscription
35:38 Elite Mangudai
38:26 Bloodlines
38:17 Husbandry
39:09 Thumb Ring
39:42 Drill
39:02 Siege Onager
Maudje10
3:58 Loom
9:38 Feudal Age
10:20 Double-Bit Axe
15:48 Wheelbarrow
19:20 Castle Age
17:52 Fletching
19:05 Gold Mining
19:23 Padded Archer Armor
19:23 Crossbowman
20:02 Bodkin Arrow
20:26 Leather Archer Armor
21:41 Bow Saw
24:00 Hand Cart
29:09 Thumb Ring
29:32 Horse Collar
30:30 Ballistics
30:34 Fishing Lines
31:03 Heavy Plow
35:26 Imperial Age
35:53 Arbalester
36:01 Arbalester
36:42 Bracer
37:12 Ring Archer Armor
36:51 Bolt Magazine
37:12 Conscription
37:58 Chemistry
38:28 Siege Engineers
Nutty
0:57 Loom
13:50 Feudal Age
17:57 Castle Age
15:59 Horse Collar
16:16 Double-Bit Axe
20:34 Fletching
21:28 Bodkin Arrow
23:46 Horse Collar
25:03 Coiled Serpent Array
26:41 Wheelbarrow
32:58 Imperial Age
30:47 Hand Cart
30:19 Town Watch
31:31 Town Patrol
32:07 Bow Saw
33:15 Scale Mail Armor
33:25 Forging
34:45 Elite White Feather Guard
38:03 Pikeman
38:44 Squires
39:54 Halberdier
42:06 Chain Mail Armor
41:53 Bracer
Cezalandırıcı
0:31 Loom
13:23 Feudal Age
17:30 Castle Age
15:38 Horse Collar
16:42 Stone Mining
18:16 Heavy Plow
18:45 Double-Bit Axe
23:20 Gold Mining
25:17 Bow Saw
28:34 Gold Shaft Mining
28:42 Wheelbarrow
27:54 Town Watch
31:41 Imperial Age
29:11 Fletching
29:51 Bodkin Arrow
32:03 Hand Cart
32:13 Forging
32:38 Town Patrol
33:13 Onager
35:23 Chemistry
35:51 Two-Man Saw
38:27 Crop Rotation
37:58 Siege Onager
39:15 Masonry
39:01 Murder Holes
40:25 Iron Casting
39:51 Scale Mail Armor
41:34 Hoardings
42:21 Conscription
42:19 Chain Mail Armor
43:05 Blast Furnace
西格玛啊基
0:33 Loom
11:13 Feudal Age
15:30 Castle Age
13:45 Double-Bit Axe
13:46 Horse Collar
16:54 Bow Saw
17:41 Wheelbarrow
20:20 Stone Mining
31:40 Imperial Age
29:04 Gold Mining
29:38 Squires
29:24 Arson
29:24 Gambesons
29:41 Scale Mail Armor
29:43 Town Watch
30:49 Chain Mail Armor
31:16 Forging
31:20 Fortified Wall
32:07 Fletching
32:18 Padded Archer Armor
33:07 Plate Mail Armor
33:48 Iron Casting
33:44 Bodkin Arrow
33:40 Elite Skirmisher
34:36 Leather Archer Armor
35:32 Chemistry
35:00 Hand Cart
35:21 Conscription
35:59 Gothikon
37:45 Blast Furnace
36:41 Elite Varangian Guard
Connection lost

Rejoining the realm…

Still unreachable

The connection could not be restored.

Session expired

The server has moved on; the page needs a fresh start.